 Dungeon Crawl Stone Soup version 0.30-a0-1163-gf69bf04e7a (webtiles) character file.

Game seed: 5734705745959898367

40661 freelancePsychic the Warrior (level 14, -6/156 (162) HPs)
             Began as an Ogre Monk on Apr 28, 2023.
             Was a High Priest of Vehumet.
             Mangled by a wraith (7 damage)
             ... led by Josephine
             ... on level 5 of the Lair of Beasts.
             The game lasted 00:34:38 (23320 turns).

freelancePsychic the Warrior (Ogre Monk)           Turns: 23320, Time: 00:34:39

HP:   -6/156 (162)  AC:  9    Str: 18    XL:     14   Next: 12%
MP:   0/26          EV: 10    Int: 15    God:    Vehumet [*****.]
Gold: 1737          SH:  0    Dex: 11    Spells: 14/29 levels left

rFire   . . .        A - +1 dagger (venom)
rCold   + . .        d - orb {light}
rNeg    . . .        c - +0 steam dragon scales
rPois   .            (helmet restricted)
rElec   .            o - +2 cloak {Stlth+}
rCorr   +            (gloves unavailable)
SInv    .            (boots unavailable)
Will    +....        t - amulet of guardian spirit
Stlth   +            B - ring of protection from cold
HPRegen 0.46/turn    J - ring of resist corrosion
MPRegen 0.20/turn

%: guardian spirit
@: on berserk cooldown, very slightly contaminated, hasted and slowed, glowing,
lightly drained
A: large, unfitting armour, tough skin 1
a: Renounce Religion


You were on level 5 of the Lair of Beasts.
You worshipped Vehumet.
Vehumet was extremely pleased with you.
You visited 3 branches of the dungeon, and saw 18 of its levels.
You also visited: Bailey and Volcano.

You collected 1737 gold pieces.

Inventory:

Hand Weapons
 a - a +1 vampiric dagger
 b - a +0 flail of holy wrath
 f - a +0 mace
 A - a +1 dagger of venom (weapon)
Missiles
 x - 7 curare-tipped darts
Armour
 c - +0 steam dragon scales (worn)
 d - an orb of light (worn)
 o - a +2 cloak of stealth (worn)
 D - a +0 kite shield
Jewellery
 t - an amulet of guardian spirit (around neck)
 B - a ring of protection from cold (left hand)
 J - a ring of resist corrosion (right hand)
Wands
 j - a wand of flame (21)
 u - a wand of charming (16)
 y - a wand of acid (10)
 C - a wand of polymorph (8)
 L - a wand of iceblast (11)
 M - a wand of digging (5)
Scrolls
 g - a scroll of brand weapon
 i - 5 scrolls of enchant armour
 r - 3 scrolls of amnesia
 s - 2 scrolls of fog
 N - 3 scrolls of immolation
 O - a scroll of vulnerability
Potions
 h - 4 potions of mutation
 l - 3 potions of flight
 n - 5 potions of might
 p - 2 potions of haste {@q3}
 w - 2 potions of attraction
 z - 2 potions of cancellation
 G - 2 potions of brilliance
Miscellaneous
 v - a lightning rod (inert)
 F - a box of beasts (inert)
 P - a phantom mirror (inert)


   Skills:
 + Level 16.2 Fighting
 - Level 6.0 Short Blades
 - Level 2.8 Maces & Flails
 - Level 2.7 Dodging
 - Level 8.3 Spellcasting
 - Level 8.5 Conjurations
 + Level 7.7 Transmutations
 - Level 3.4 Fire Magic
 - Level 6.0 Ice Magic
 - Level 6.1 Air Magic
 * Level 7.1 Earth Magic
 - Level 2.0 Poison Magic
 - Level 2.0 Evocations


You had 14 spell levels left.
You knew the following spells:

 Your Spells              Type           Power      Damage    Failure   Level
a - Poisonous Vapours     Pois/Air       36%        N/A       1%          2
b - Freezing Cloud        Conj/Ice/Air   13%        6-21      5%          5
c - Ignite Poison         Fire/Tmut/Pois 19%        N/A       1%          3
h - Irradiate             Conj/Tmut      15%        3d16      3%          5

Your spell library contained the following spells:

 Spells                   Type           Power      Damage    Failure   Level
 Yara's Violent Unravell  Hex/Tmut       8%         3d5       17%         5
 Beastly Appendage        Tmut           58%        N/A       1%          1
 Wereblood                Tmut           29%        N/A       1%          2
 Hailstorm                Conj/Ice       28%        3d8       1%          3
 Mephitic Cloud           Conj/Pois/Air  22%        N/A       1%          3
 Sticky Flame             Conj/Fire      24%        2d5       2%          4
 Spider Form              Tmut/Pois      20%        N/A       4%          3
 Arcjolt                  Conj/Air       14%        1d24      4%          5
 Petrify                  Tmut/Erth      28%        N/A       5%          4
 Ice Form                 Ice/Tmut       26%        N/A       7%          4
 Vhi's Electric Charge    Tloc/Air       30%        N/A       10%         3
 Summon Small Mammal      Summ           24%        N/A       12%         1
 Sublimation of Blood     Necr           6%         N/A       19%         2
 Call Canine Familiar     Summ           6%         N/A       34%         3
 Summon Guardian Golem    Hex/Summ       6%         N/A       34%         3
 Plasma Beam              Fire/Air       10%        2x1d23    50%         6
 Statue Form              Tmut/Erth      18%        N/A       63%         6
 Metabolic Englaciation   Hex/Ice        7%         N/A       67%         5
 Silence                  Hex/Air        7%         N/A       67%         5
 Passage of Golubria      Tloc           6%         N/A       75%         4
 Simulacrum               Ice/Necr       7%         N/A       99%         6
 Lehudib's Crystal Spear  Conj/Erth      14%        10d5      99%         8
 Summon Hydra             Summ           3%         N/A       100%        7
 Ignition                 Fire           8%         3d5       100%        8
 Chain Lightning          Conj/Air       14%        3d18      100%        9
 Fire Storm               Conj/Fire      12%        8d3       100%        9
 Shatter                  Erth           13%        3d14*     100%        9


Dungeon Overview and Level Annotations

Branches:
Dungeon (12/15)            Temple (1/1) D:4            Lair (5/5) D:8
 Shoals (0/4) Lair:2       Spider (0/4) Lair:3        Slime (0/5) Lair:4
 Bailey (visited)         Volcano (visited)
    Orc: D:9-12

Altars:
Ashenzari
Dithmenos
Hepliaklqana
Kikubaaqudgha
Makhleb
Okawaru
Qazlal
Ru
Sif Muna
Trog
Uskayaw
Vehumet
Wu Jian
Xom
Yredelemnul
Zin
The Shining One
Jiyva

Shops:
D:1 (

Annotations:
D:3 1 runed translucent door, 1 exclusion, Crazy Yiuf
D:6 3 runed translucent doors, Jase's ghost, novice FoFi; SirDiesAlot's ghost, novice OgEE; Zvl3's ghost, novice MiFi
Lair:3 2 transporters, bobo's ghost, journeyman SpEn
Lair:5 Josephine


Innate Abilities, Weirdness & Mutations

You are too large for most types of armour.
You have tough skin. (AC +1)


Message History

The wraith hits you!
* * * LOW HITPOINT WARNING * * *
Josephine hits you with a +0 dagger of freezing.
* * * LOW HITPOINT WARNING * * *
Josephine freezes you.
* * * LOW HITPOINT WARNING * * *
Casting: Irradiate (mildly dangerous; 3% risk of failure)
Confirm with . or Enter, or press ? or * to list all spells.
You don't have enough magic to cast this spell.
Okay, then.
You hit Josephine but do no damage.
Josephine is heavily wounded.
The wraith hits you but does no damage. The wraith barely misses you.
Josephine hits you but does no damage.
Josephine hits the wraith with a +0 dagger of freezing.
You hit Josephine.
Josephine is poisoned.
Josephine is heavily wounded.
You hit Josephine but do no damage.
Josephine looks as sick as possible!
Josephine is heavily wounded.
The wraith hits you.
* * * LOW HITPOINT WARNING * * *
The wraith drains your vigour!
You feel yourself slow down.
Josephine hits you with a +0 dagger of freezing.
* * * LOW HITPOINT WARNING * * *
Josephine freezes you.
* * * LOW HITPOINT WARNING * * *
Josephine closely misses the wraith.
The wraith closely misses you.
Unknown command.
Unknown command.
Unknown command.
Unknown command.
You hit Josephine.
Josephine looks as sick as possible!
Josephine is heavily wounded.
You hit Josephine but do no damage.
Josephine looks as sick as possible!
Josephine is heavily wounded.
Josephine hits you with a +0 dagger of freezing.
* * * LOW HITPOINT WARNING * * *
Josephine closely misses the wraith.
The wraith hits you!
You die...

.....#.P...PP.#
..... ..
#.$..##......##
...##
..###....#......#
..##
....##W..##....##
.##
.....##W..#..).
##
......##.W##..#
P......##.[#
#.@W†#..# #@@W.##
###W.# ####


You could see Josephine (extremely poisoned), 3 wraiths and the friendly
Josephine (summoned, drained).

Vanquished Creatures
  Kirke (Lair:4)
  Nessos (Lair:4)
  A hydra (Lair:2)
  A centaur warrior (Volcano)
  A catoblepas (Lair:1)
  A boulder beetle (D:9)
  6 death yaks (Lair:3)
  A hell knight (Volcano)
  A skyshark (Lair:4)
  An orb spider (Lair:3)
  Pikel (D:8)
  A wolf spider (Lair:5)
  A manticore (D:11)
  Joseph (D:9)
  3 black mambas
  A molten gargoyle (Volcano)
  12 elephants
  A gargoyle (Volcano)
  A kobold demonologist (D:9)
  A rime drake (D:7)
  12 cane toads
  4 komodo dragons (Lair:1)
  A polar bear (Lair:3)
  A hornet (D:8)
  8 blink frogs
  14 dream sheep
  3 shadows
  A vampire (D:11)
  3 wyverns
  30 yaks
  2 hogs (Lair:4)
  2 fire bats (Volcano)
  A human (Lair:4)
  A wraith (Lair:5)
  2 steam dragons (D:9)
  Menkaure (D:4)
  13 water moccasins
  2 orc warriors
  A sky beast (D:6)
  4 ice beasts
  3 ogres
  5 black bears (Lair:3)
  13 wolves
  12 centaurs
  11 kobold brigands
  3 phantoms
  A lemure (D:8)
  5 bullfrogs
  2 gnoll sergeants
  2 scorpions
  26 killer bees
  5 howler monkeys
  7 lava snakes (Volcano)
  2 jellies
  6 orc priests
  2 iguanas
  Terence (D:3)
  A sleepcap (D:5)
  12 orc wizards
  9 gnolls
  9 adders
  2 shadow imps
  3 white imps
  3 ufetubi
  32 orcs
  6 ball pythons
  6 bats
  5 endoplasms
  2 giant cockroaches (D:1)
  8 goblins
  10 hobgoblins
  5 jackals
  5 quokkas
  3 frilled lizards (D:1)
  24 kobolds
  6 rats
401 creatures vanquished.

Vanquished Creatures (others)
  An orc (D:7)
  20 fungi
  31 plants
  3 toadstools (D:3)
  4 withered plants (D:6)
59 creatures vanquished.

Grand Total: 460 creatures vanquished

Notes
Turn   | Place    | Note
-------+----------+-------------------------------------------
     0 | D:1      | freelancePsychic the Ogre Monk began the quest for the Orb.
     0 | D:1      | Reached XP level 1. HP: 24/24 MP: 1/1
   118 | D:1      | Found Wiplez's Weapon Shop.
   229 | D:1      | Reached XP level 2. HP: 30/32 MP: 2/2
   234 | D:1      | Reached skill level 1 in Short Blades
   284 | D:1      | You fall into a shaft and drop 1 floor!
   556 | D:1      | Reached XP level 3. HP: 39/40 MP: 3/3
  1112 | D:2      | Found a glowing golden altar of the Shining One.
  1827 | D:3      | Found a faded altar of an unknown god.
  1881 | D:3      | Reached XP level 4. HP: 44/49 MP: 4/4
  2035 | D:3      | Noticed Terence
  2055 | D:3      | Killed Terence
  2056 | D:3      | Reached skill level 5 in Fighting
  2196 | D:3      | Noticed a kobold brigand
  2215 | D:3      | Killed a kobold brigand
  2216 | D:3      | Reached XP level 5. HP: 31/58 MP: 5/5
  2261 | D:3      | Noticed a kobold brigand
  2333 | D:3      | Found a runed translucent door.
  2334 | D:3      | Noticed Crazy Yiuf
  2697 | D:4      | Noticed Menkaure
  2709 | D:4      | Killed Menkaure
  2710 | D:4      | Reached skill level 6 in Fighting
  2710 | D:4      | Reached XP level 6. HP: 21/67 MP: 6/6
  3230 | D:4      | Found a staircase to the Ecumenical Temple.
  3404 | D:5      | Entered Level 5 of the Dungeon
  3411 | D:5      | Reached skill level 5 in Short Blades
  3411 | D:5      | Reached XP level 7. HP: 76/76 MP: 7/7
  3685 | D:5      | Reached skill level 1 in Spellcasting
  3736 | D:5      | Found a basalt altar of Yredelemnul.
  3749 | D:5      | Reached skill level 7 in Fighting
  4162 | D:5      | Found a shimmering altar of Xom.
  4446 | D:6      | Found a runed translucent gate.
  4447 | D:6      | Found a runed translucent gate.
  4447 | D:6      | Found a runed translucent gate.
  4470 | D:6      | Reached XP level 8. HP: 72/87 MP: 9/12
  4544 | D:6      | Reached skill level 8 in Fighting
  5506 | D:6      | Reached skill level 5 in Spellcasting
  5608 | D:6      | Found a hazy altar of Hepliaklqana.
  5805 | D:6      | Noticed SirDiesAlot's ghost (novice OgEE)
  5805 | D:6      | Noticed Jase's ghost (novice FoFi)
  5805 | D:6      | Noticed Zvl3's ghost (novice MiFi)
  6011 | D:7      | Reached skill level 9 in Fighting
  6496 | D:7      | Reached XP level 9. HP: 72/101 MP: 14/18
  6508 | D:7      | Reached skill level 10 in Fighting
  7322 | D:8      | Noticed a rime drake
  7334 | D:8      | Noticed a hornet
  7353 | D:7      | Killed a rime drake
  7639 | D:7      | Reached skill level 1 in Conjurations
  7639 | D:7      | Reached skill level 1 in Ice Magic
  7639 | D:7      | Reached skill level 1 in Air Magic
  8265 | D:7      | Learned a level 2 spell: Poisonous Vapours
  8271 | D:7      | Learned a level 5 spell: Freezing Cloud
  8331 | D:7      | Reached XP level 10. HP: 69/110 MP: 12/22
  8339 | D:7      | Reached skill level 1 in Poison Magic
  9368 | D:8      | Noticed Pikel
  9389 | D:8      | Killed Pikel
  9451 | D:8      | Paralysed by a hornet for 2 turns
  9718 | D:8      | Found a bloodstained altar of Trog.
  9721 | D:8      | Found an ancient bone altar of Kikubaaqudgha.
  9722 | D:8      | Found an iron altar of Okawaru.
  9723 | D:8      | Found a shimmering blue altar of Sif Muna.
  9912 | Temple   | Entered the Ecumenical Temple
  9988 | Temple   | Became a worshipper of Vehumet
  9988 | Temple   | Reached * piety under Vehumet
  9988 | Temple   | Offered knowledge of Freeze by Vehumet.
  9988 | Temple   | Reached ** piety under Vehumet
 10160 | D:8      | Found a staircase to the Lair.
 10189 | D:8      | Reached skill level 11 in Fighting
 10400 | D:8      | Offered knowledge of Momentum Strike by Vehumet.
 10689 | D:9      | Found a hide-covered altar of Uskayaw.
 10801 | D:9      | Reached XP level 11. HP: 25/120 MP: 12/23
 10928 | D:9      | Found a flagged portal.
 10944 | Bailey   | Entered a bailey
 11447 | Bailey   | Reached skill level 5 in Conjurations
 11447 | Bailey   | Reached skill level 5 in Air Magic
 11448 | Bailey   | Reached skill level 5 in Ice Magic
 11607 | Bailey   | Found a bloodstained altar of Trog.
 11924 | D:9      | Noticed a boulder beetle
 11942 | D:9      | Killed a boulder beetle
 12136 | D:9      | Noticed Joseph
 12148 | D:9      | Killed Joseph
 12149 | D:9      | Reached skill level 1 in Evocations
 12426 | D:9      | Reached skill level 12 in Fighting
 12921 | D:10     | Entered Level 10 of the Dungeon
 12977 | D:10     | Offered knowledge of Volatile Blastmotes by Vehumet.
 13192 | D:10     | Reached *** piety under Vehumet
 14215 | D:11     | Noticed a manticore
 14268 | D:11     | Killed a manticore
 15452 | D:11     | Offered knowledge of Ignite Poison by Vehumet.
 15613 | D:10     | Learned a level 3 spell: Ignite Poison
 15722 | Lair:1   | Entered Level 1 of the Lair of Beasts
 15883 | Lair:1   | Reached skill level 1 in Transmutations
 15883 | Lair:1   | Reached skill level 1 in Fire Magic
 15976 | Lair:1   | Noticed a catoblepas
 15988 | Lair:1   | Killed a catoblepas
 15989 | Lair:1   | Reached XP level 12. HP: 101/133 MP: 4/24
 16172 | Lair:1   | Reached skill level 13 in Fighting
 16173 | Lair:1   | Reached **** piety under Vehumet
 17294 | Lair:2   | Noticed a four-headed hydra
 17302 | Lair:2   | Killed a four-headed hydra
 17382 | Lair:2   | Learned a level 5 spell: Irradiate
 17385 | Lair:2   | Found a staircase to the Shoals.
 18201 | Lair:2   | Offered knowledge of Iskenderun's Battlesphere by Vehumet.
 18453 | Lair:2   | Reached skill level 14 in Fighting
 18845 | Lair:3   | Noticed bobo's ghost (journeyman SpEn)
 18907 | Lair:3   | Reached skill level 5 in Transmutations
 19096 | Lair:3   | Found a dark tunnel.
 19111 | Volcano  | Entered a volcano
 19929 | Volcano  | Found a burning altar of Makhleb.
 19929 | Volcano  | Noticed a centaur warrior
 19933 | Volcano  | Killed a centaur warrior
 19934 | Volcano  | Reached XP level 13. HP: 90/148 MP: 4/25
 20246 | Volcano  | Identified a scroll of acquirement
 20247 | Volcano  | Acquired a book of Annihilations
 20413 | Volcano  | Reached skill level 1 in Earth Magic
 20639 | Lair:3   | Found a hole to the Spider Nest.
 20880 | Lair:3   | Reached skill level 15 in Fighting
 20973 | Lair:3   | Reached ***** piety under Vehumet
 20974 | Lair:3   | Offered knowledge of Yara's Violent Unravelling by Vehumet.
 21213 | Lair:3   | Found a transporter.
 21226 | Lair:3   | Found a bloodstained altar of Trog.
 21234 | Lair:3   | Found a transporter.
 21658 | Lair:4   | Noticed Nessos
 21666 | Lair:4   | Killed Nessos
 21990 | Lair:4   | Reached skill level 5 in Earth Magic
 22361 | Lair:4   | Found a glowing silver altar of Zin.
 22970 | Lair:4   | Found a viscous altar of Jiyva.
 22970 | Lair:4   | Found a staircase to the Slime Pits.
 23085 | Lair:4   | Noticed Kirke
 23093 | Lair:4   | Killed Kirke
 23094 | Lair:4   | Reached skill level 16 in Fighting
 23204 | Lair:5   | Entered Level 5 of the Lair of Beasts
 23205 | Lair:5   | Found the +7 Spriggan's Knife {stab, EV+4 Stlth+}
 23215 | Lair:5   | Reached XP level 14. HP: 146/162 MP: 20/26
 23230 | Lair:5   | Noticed Josephine
 23318 | Lair:5   | HP: 5/156 [Josephine/+0 dagger of freezing (4)]
 23320 | Lair:5   | HP: 1/156 [Josephine/+0 dagger of freezing (3)]
 23320 | Lair:5   | Mangled by a wraith

Illustrated notes

Levels and vault maps discovered:
D:1:      nicolae_arrival_washed_ashore, layout_loops_ring, serial_shops,
          nicolae_shop_just_a_little_nook, serial_forest,
          infiniplex_forest_clump_large, infiniplex_forest_straight_2,
          infiniplex_forest_clump_double, infiniplex_forest_clump_double,
          infiniplex_forest_clump_long, infiniplex_forest_clump_curved,
          infiniplex_forest_side_room
D:2:      layout_basic, basic_altar, kennysheep_generic_room_3
D:3:      cheibrodos_thug_alley, layout_rooms, ebering_ecumenical_altar_webs,
          minmay_gold_behind_fungi, uniq_terence, uniq_crazy_yiuf_cottage
D:4:      layout_loops_ring, minmay_temple_entry_from_below_a, uniq_menkaure
D:5:      layout_loops_ring, mainiacjoe_overflow_24_doors, old_standard_altar,
          serial_rivers, chequers_serial_rivers_room_b,
          chequers_serial_rivers_small_3, chequers_serial_rivers_small_a,
          chequers_serial_rivers_small_b, chequers_serial_rivers_large_b
D:6:      layout_basic, nicolae_hepliaklqana_hippocampus,
          gammafunk_ghost_cemetery, minmay_splitting_lines
D:7:      layout_loops_ring, nicolae_figureground_sparkle
D:8:      layout_rooms, mainiacjoe_overflow_alcove_3, hellmonk_lair_entry_icy,
          uniq_pikel
D:9:      layout_roguey, old_standard_altar, serial_corexii_hall,
          corexii_hall_statues_l, corexii_hall_statues_s, enter_bailey_3,
          minmay_microvault, uniq_joseph
D:10:     layout_basic, serial_corexii_hall, corexii_hall_statues_i,
          corexii_hall_statues_t
D:11:     layout_gridville, minivault_16
D:12:     layout_loops_ring, orc_0_dummy
Temple:   dpeg_chambers_temple
Lair:1:   layout_cave_shapes, grunt_megastairs_3, infiniplex_staircase_pool_2
Lair:2:   layout_loops_ring, elwin_shoals_entry_rocks, lemuel_fruit_fields,
          infiniplex_staircase_pool, lemuel_fruit_tree
Lair:3:   layout_misc_corridors, nicolae_spider_entry_orb_guardian,
          gammafunk_ghost_wrathful_warriors, nicolae_volcano_entry_s_turn,
          beast_lair_carwin_2
Lair:4:   layout_loops_ring, dpeg_slime_entry_enclosed, basic_altar,
          grunt_megastairs_4, uniq_nessos, uniq_kirke
Lair:5:   hangedman_lair_tendril_chambers, layout_regular_city,
          portal_ice_cave_entry_imps, uniq_josephine

Skill      XL: |  1  2  3  4  5  6  7  8  9 10 11 12 13 14 |
---------------+-------------------------------------------+-----
Short Blades   | 1 2 3 4 5 6 |  6.0
Fighting       | 5 6 7 9 10 11 12 14 16 | 16.2
Spellcasting   | 3 6 8 |  8.3
Conjurations   | 2 4 6 8 |  8.5
Ice Magic      | 2 4 6 |  6.0
Air Magic      | 2 4 6 |  6.1
Poison Magic   | 2 |  2.0
Evocations     | 2 |  2.0
Transmutations | 2 5 7 |  7.7
Fire Magic     | 2 3 |  3.4
Earth Magic    | 6 7 |  7.1
Maces & Flails | |  2.8
Dodging        | |  2.7

Action                     |  1- 3 |  4- 6 |  7- 9 | 10-12 | 13-15 || total
---------------------------+-------+-------+-------+-------+-------++-------
  Melee: Mace              |    12 |       |       |       |       ||    12
         Dagger            |   123 |   109 |   512 |   664 |   129 ||  1537
         Flail             |       |    11 |    21 |    11 |       ||    43
   Cast: Poisonous Vapours |       |       |       |    22 |     3 ||    25
         Freezing Cloud    |       |       |       |    69 |    37 ||   106
         Ignite Poison     |       |       |       |    15 |    11 ||    26
         Irradiate         |       |       |       |     3 |    15 ||    18
  Evoke: Wand              |       |       |     4 |     4 |       ||     8
         Lightning rod     |       |       |       |     2 |     4 ||     6
         Box of beasts     |       |       |       |       |     1 ||     1
         Phantom mirror    |       |       |       |       |     1 ||     1
    Use: Scroll            |       |     3 |     5 |    12 |     8 ||    28
         Potion            |       |       |     4 |     8 |    17 ||    29
   Stab: Sleeping          |       |     1 |     1 |       |       ||     2
         Distracted        |       |       |     1 |       |       ||     1
 Armour: Robe              |    51 |    26 |   141 |    62 |       ||   280
         Skin              |       |       |    38 |   120 |    91 ||   249
         Steam dragon scal |       |       |       |   114 |    49 ||   163
  Dodge: Dodged            |    77 |    49 |   210 |   247 |    64 ||   647

Table legend: (Time is in decaauts)
 A = Elapsed time spent in this place.
 B = Non-inter-level travel time spent in this place.
 C = Inter-level travel time spent in this place.
 D = Time resting spent in this place.
 E = Time spent auto-exploring this place.
 F = Levels seen in this place.
 G = Mean time per level.
                   A        B        C        D        E       F      G
               +--------+--------+--------+--------+--------+-----+--------+
         Total |  22950 |  21932 |   1018 |   2208 |  16454 |  20 | 1147.5 |
       Dungeon |  14578 |  13698 |    880 |   1460 |  10021 |  12 | 1214.8 |
        Temple |    102 |     66 |     36 |      0 |     56 |   1 |  102.0 |
          Lair |   6156 |   6055 |    101 |    543 |   4804 |   5 | 1231.2 |
        Bailey |    742 |    742 |      0 |      0 |    592 |   1 |  742.0 |
       Volcano |   1370 |   1370 |      0 |    205 |    981 |   1 | 1370.0 |
               +--------+--------+--------+--------+--------+-----+--------+

Top non-repeatable levels by time:
     D:7: 3427 daAuts
  Lair:3: 1835 daAuts
  Lair:1: 1547 daAuts
     D:9: 1528 daAuts
  Lair:2: 1515 daAuts
    D:11: 1455 daAuts
 Volcano: 1370 daAuts
     D:6: 1309 daAuts
    D:10: 1289 daAuts
     D:8: 1186 daAuts
  Lair:4: 1150 daAuts
     D:5: 981 daAuts
     D:1: 950 daAuts
     D:4: 940 daAuts
     D:2: 815 daAuts
